 Dungeon Crawl Stone Soup version 0.28-a0-823-gb444dcf96d (webtiles) character file.

Game seed: 8034517379583640706

31 siradein the Poker (level 3, -2/28 HPs)
             Began as a Merfolk Gladiator on Nov 10, 2021.
             Slain by Sigmund (12 damage)
             ... on level 2 of the Dungeon.
             The game lasted 00:01:28 (799 turns).

siradein the Poker (Merfolk Gladiator)               Turns: 799, Time: 00:01:28

Health: -2/28      AC:  6    Str: 14    XL:     3   Next: 22%
Magic:  3/3        EV: 13    Int:  7    God:
Gold:   45         SH:  0    Dex: 16    Spells: 2/2 levels left

rFire   . . .      SeeInvis .   a - +0 trident
rCold   . . .      Faith    .   (no shield)
rNeg    . . .      Spirit   .   b - +0 leather armour
rPois   .          Reflect  .   c - +0 helmet
rElec   .          Harm     .   g - +0 cloak
rCorr   .          Rampage  .   e - +0 pair of gloves
Will    .....                   (no boots)
Stlth   +.........              (no amulet)
HPRegen 0.09/turn               (no ring)
MPRegen 0.08/turn               (no ring)

@: no status effects
A: (nimble swimmer 2), mertail
a: no special abilities


You were on level 2 of the Dungeon.
You visited 1 branch of the dungeon, and saw 2 of its levels.

You collected 45 gold pieces.

Inventory:

Hand Weapons
 a - a +0 trident (weapon)
Missiles
 d - 3 throwing nets
 f - 12 poisoned darts (quivered)
 k - 2 boomerangs
Armour
 b - a +0 leather armour (worn)
 c - a +0 helmet (worn)
 e - a +0 pair of gloves (worn)
 g - a +0 cloak (worn)
Scrolls
 j - a scroll of identify {unknown}
 l - a scroll of amnesia {unknown}
 n - a scroll of fear {unknown}
Potions
 h - a potion of berserk rage {unknown}
 i - 2 potions of heal wounds {unknown}
 m - 3 potions of curing {unknown}


   Skills:
 + Level 2.7 Fighting
 + Level 4.9 Polearms
 + Level 2.4 Throwing
 + Level 0.0 Armour
 + Level 4.4 Dodging


You had 2 spell levels left.
You didn't know any spells.
Your spell library contained the following spells:

 Spells                   Type           Power      Damage    Failure   Level
 Dazzling Flash           Conj/Hex       0%         N/A       87%         3
 Agony                    Necr           0%         N/A       100%        5
 Silence                  Hex/Air        0%         N/A       100%        5


Dungeon Overview and Level Annotations

Branches:
Dungeon (2/15)

Altars:

Annotations:
D:2 Sigmund


Innate Abilities, Weirdness & Mutations

((You are quick and stealthy near water. (Stealth+, EV+, Speed+++)))
Your lower body shifts to a powerful aquatic tail in water.


Message History

Sigmund is moderately wounded.
Sigmund completely misses you.
You hit Sigmund but do no damage.
Sigmund is heavily wounded.
You feel less confused.
Sigmund looks more healthy.
You barely miss Sigmund.
Sigmund is heavily wounded.
Sigmund points at you and mumbles some strange words.
You are confused.
Sigmund closely misses you.
You bump into the rock wall.
You bump into the rock wall.
Sigmund misses you.
You hit Sigmund.
Sigmund is heavily wounded.
Sigmund misses you.
You bump into the rock wall.
You closely miss Sigmund.
Sigmund is heavily wounded.
Sigmund closely misses you.
You closely miss Sigmund.
Sigmund is heavily wounded.
You feel less confused. Sigmund closely misses you.
You hit Sigmund but do no damage.
Sigmund is heavily wounded.
You hit Sigmund.
Sigmund is severely wounded.
Sigmund hits you but does no damage.
Throw: 13 darts (poison)
Press: ? - help, Q - select action, (/) - cycle Shift-Dir - straight line, f - Sigmund
Aim: Sigmund, wielding a +0 scythe and wearing a +0 robe (severely wounded, 58% to hit)
You throw a poisoned dart. The poisoned dart hits Sigmund!
Sigmund is poisoned.
Sigmund is severely wounded.
Sigmund points at you and mumbles some strange words.
You resist with significant effort.
You hit Sigmund.
Sigmund is almost dead.
Sigmund hits you with a +0 scythe!
You die...

#.# #####..
#.# #.. #.#
#.. #.# #..
#># ##.
###.### #.
#.....# ##
#.###(####.#
#.. #.@@.>.#
#. #.######
.. ...# ##
#.### #. #


You could see Sigmund (very poisoned).

Vanquished Creatures
  A worm (D:2)
  2 dart slugs (D:1)
  2 ball pythons (D:1)
  2 endoplasms
  2 goblins (D:1)
  4 hobgoblins (D:1)
  A kobold (D:1)
  A quokka (D:2)
  3 bats
  A frilled lizard (D:1)
  2 rats (D:1)
21 creatures vanquished.

Notes
Turn   | Place    | Note
-------+----------+-------------------------------------------
     0 | D:1      | siradein the Merfolk Gladiator began the quest for the Orb.
     0 | D:1      | Reached XP level 1. HP: 16/16 MP: 1/1
   119 | D:1      | Found a faded altar of an unknown god.
   125 | D:1      | Reached XP level 2. HP: 21/23 MP: 2/2
   585 | D:1      | Reached XP level 3. HP: 28/28 MP: 3/3
   780 | D:2      | Noticed Sigmund
   799 | D:2      | Slain by Sigmund

Illustrated notes

Levels and vault maps discovered:
D:1:      dpeg_arrival_snail, layout_basic, shapermc_ecumenical_altar_notcrosses
D:2:      layout_loops_ring, glass_columns_c, kennysheep_jessica_study,
          uniq_jessica, uniq_sigmund

Action                   || total
-------------------------++-------
Melee: Trident           ||    70
Throw: Dart              ||     4
 Stab: Sleeping          ||     2
Armor: Leather armour    ||    12
Dodge: Dodged            ||    26

Table legend: (Time is in decaauts)
 A = Elapsed time spent in this place.
 B = Non-inter-level travel time spent in this place.
 C = Inter-level travel time spent in this place.
 D = Time resting spent in this place.
 E = Time spent auto-exploring this place.
 F = Levels seen in this place.
 G = Mean time per level.
                   A        B        C        D        E       F      G
               +--------+--------+--------+--------+--------+-----+--------+
         Total |    802 |    795 |      7 |      0 |    606 |   2 |  401.0 |
       Dungeon |    802 |    795 |      7 |      0 |    606 |   2 |  401.0 |
               +--------+--------+--------+--------+--------+-----+--------+

Top non-repeatable levels by time:
     D:1: 631 daAuts
     D:2: 171 daAuts
